 Dungeon Sprint DCSS version 0.28-a0-793-g31680bbd8b (webtiles) character file.

Game seed: 9456920429257411661

6500000 ytrimaz the Blood Saint (level 25, -35/234 HPs)
             Began as a Demonspawn Gladiator on Nov 3, 2021.
             Was the Champion of Makhleb.
             Annihilated by The Servant (121 damage)
             ... in the Dungeon (Sprint VIII: "Arena of Blood").
             The game lasted 00:02:43 (65 turns).

ytrimaz the Blood Saint (Demonspawn Gladiator)        Turns: 65, Time: 00:02:44

Health: -35/234    AC: 12    Str: 24    XL:     25   Next: 64%
Magic:  0/54       EV: 26    Int: 13    God:    Makhleb [******]
Gold:   0          SH:  0    Dex: 14    Spells: 78/78 levels left

rFire   . . .      SeeInvis .   j - +∞ Axe of Woe
rCold   + . .      Faith    .   (shield currently unavailable)
rNeg    . . .      Spirit   +   a - +0 leather armour
rPois   .          Reflect  .   b - +0 helmet
rElec   .          Harm     .   (no cloak)
rCorr   .          Rampage  .   (gloves unavailable)
Will    ++...      NoTele   +   (no boots)
Stlth   +++++++++.              (no amulet)
HPRegen 0.49/turn               (no ring)
MPRegen 0.68/turn               (no ring)

@: no status effects
A: icy blue scales 3, icemail 2, torment resistance 1, magic shield, magic
regeneration, magic link, condensation shield, demonic willpower, demonic touch
3
a: Renounce Religion, Minor Destruction, Lesser Servant of Makhleb, Major
Destruction, Greater Servant of Makhleb


You were in the Dungeon.
You worshipped Makhleb.
Makhleb was exalted by your worship.
You visited 1 branch

Inventory:

Hand Weapons
 j - the +∞ Axe of Woe (weapon)
   (You found it in the Dungeon)
Missiles
 c - 3 throwing nets (quivered)
Armour
 a - a +0 leather armour (worn)
 b - a +0 helmet (worn)
Scrolls
 i - a scroll of blinking
Potions
 d - a potion of curing
 e - a potion of heal wounds
 f - a potion of haste
 g - 2 potions of magic
 h - a potion of berserk rage


   Skills:
 O Level 27 Fighting
 + Level 17.4(19.8) Short Blades
 + Level 15.7(19.0) Long Blades
 O Level 27 Axes
 + Level 15.7(24.7) Maces & Flails
 + Level 15.7(24.7) Polearms
 + Level 15.7(20.6) Staves
 + Level 15.7(23.1) Slings
 + Level 17.4 Bows
 + Level 17.4 Crossbows
 O Level 27 Throwing
 O Level 27 Armour
 O Level 27 Dodging
 O Level 27 Stealth
 + Level 17.4 Shields
 O Level 27 Unarmed Combat
 O Level 27 Spellcasting
 + Level 18.9 Conjurations
 + Level 18.9 Hexes
 + Level 18.9 Summonings
 + Level 20.4 Necromancy
 + Level 17.4 Translocations
 + Level 17.4 Transmutations
 + Level 17.4 Fire Magic
 + Level 17.4 Ice Magic
 + Level 17.4 Air Magic
 + Level 17.4 Earth Magic
 + Level 18.9 Poison Magic
 O Level 27 Invocations
 + Level 18.9 Evocations


You had 78 spell levels left.
You didn't know any spells.
Your spell library was empty.

Dungeon Overview and Level Annotations

Branches:
Dungeon (1/1)

Altars:
Makhleb

Annotations:
D The Servant


Innate Abilities, Weirdness & Mutations

You are completely covered in icy blue scales. (AC +4, rC+)
A meltable icy envelope protects you from harm. (AC +0)
You are resistant to unholy torment.
When hurt, damage is shared between your health and your magic reserves.
You regenerate magic rapidly.
When low on magic, you restore magic in place of health.
A meltable shield of frost defends you. (SH +0)
You punish those that try to bend your will. (Will+)
Your touch may irresistibly damage your foes and sap their willpower.


Message History

Your Crossbows skill increases to level 17!
Your Shields skill increases to level 17!
Your Necromancy skill increases to level 20!
Your Translocations skill increases to level 17!
Your Transmutations skill increases to level 17!
Your Fire Magic skill increases to level 17!
Your Ice Magic skill increases to level 17!
Your Air Magic skill increases to level 17!
Your Earth Magic skill increases to level 17!
You hit the bag of meat but do no damage.
You pulverise the bag of meat into a thin bloody mist.
You kill the bag of meat!
Makhleb accepts your kill.
You hit the tyrant but do no damage.
You dissect the tyrant like a pig carcass.
You destroy the tyrant!
Makhleb accepts your kill.
You feel better.
The large abomination disappears in a puff of smoke! x2
You hear a shout!
A bag of meat comes into view. It is wielding a +9 war axe.
The Servant hits you from afar with a +9 glaive of flaming!!!!
The Servant burns you!!
You hear a shout! x4
Unknown command.
Unknown command.
Unknown command.
Unknown command.
Press: ? - help, v - describe, . - travel, g - get item
Here: The Servant, wielding a +9 glaive of flaming and wearing a +130 ring of slaying
Items here: ))) === ††.
The floor, spattered with blood.
Unknown command.
Unknown command.
An orc and a wraith come into view.
A meat berserker comes into view. It is wielding a +9 battleaxe.
You hear a shout! x5
The Servant hits you with a +9 glaive of flaming!!!!
Ouch! That really hurt!
You die...

#... ...# . #.......#
..o.... ..###...
...###.......
......###.......o...O
.....°○§...........
#...°°#....o..#.# .
#_)<)_#..........
....#)..))#.o.oz.#.#.
......))_.))))@@...W..
.......###...)○)...#.#
..###....§.§###oM.....
. #.......# .......
#.......# .o.....
......... ..L....
..........o .#...#.
.......... #....#
....... ....#


You could see an accursed, a tyrant, The Servant, a sculptor of flesh, a dread,
a meat berserker (berserk) and 7 bags of meat.

Vanquished Creatures
  A hell beast (D)
  7 vampire knights (D)
  19 ogres (D)
  7 two-headed ogres (D)
  2 liches (D)
  46 orcs (D)
  3 skeletal warriors (D)
85 creatures vanquished.

Notes
Turn   | Place    | Note
-------+----------+-------------------------------------------
     0 | D        | Found the +∞ Axe of Woe
     0 | D        | ytrimaz the Demonspawn Gladiator began the quest for the
                  | Orb.
     0 | D        | Reached XP level 1. HP: 16/16 MP: 1/1
     1 | D        | Noticed a bag of meat
     3 | D        | Became a worshipper of Makhleb the Destroyer
     7 | D        | Killed a bag of meat
     7 | D        | Noticed a bag of meat
     7 | D        | Noticed a meat berserker
     8 | D        | Reached skill level 5 in Fighting
     8 | D        | Reached skill level 5 in Throwing
     8 | D        | Reached skill level 10 in Dodging
     8 | D        | Reached skill level 10 in Unarmed Combat
     8 | D        | Gained mutation: You regenerate magic rapidly. [demonic
                  | ancestry]
     8 | D        | Reached XP level 2. HP: 27/27 MP: 1/11
     8 | D        | Reached XP level 3. HP: 33/33 MP: 1/12
     8 | D        | Reached XP level 4. HP: 39/39 MP: 1/14
     8 | D        | Reached XP level 5. HP: 45/45 MP: 1/15
     8 | D        | Gained mutation: When hurt, damage is shared between your
                  | health and your magic reserves. [demonic ancestry]
     8 | D        | Reached XP level 6. HP: 51/51 MP: 1/17
     8 | D        | Gained mutation: You are partially covered in icy blue
                  | scales. (AC +2) [demonic ancestry]
     8 | D        | Reached XP level 7. HP: 56/56 MP: 1/18
     8 | D        | Gained mutation: Your touch may inflict minor irresistible
                  | damage on your foes. [demonic ancestry]
     8 | D        | Reached XP level 8. HP: 63/63 MP: 1/20
     8 | D        | Reached XP level 9. HP: 68/68 MP: 1/21
     8 | D        | Reached XP level 10. HP: 75/75 MP: 1/22
     8 | D        | Noticed a bag of meat
     9 | D        | Killed a bag of meat
     9 | D        | Reached * piety under Makhleb
     9 | D        | Noticed a bag of meat
    10 | D        | Reached skill level 10 in Stealth
    10 | D        | Gained mutation: When low on magic, you restore magic in
                  | place of health. [demonic ancestry]
    10 | D        | Reached XP level 11. HP: 83/83 MP: 1/24
    10 | D        | Killed a bag of meat
    10 | D        | Noticed a meat berserker
    11 | D        | Reached skill level 10 in Axes
    11 | D        | Reached skill level 10 in Armour
    11 | D        | Reached skill level 10 in Spellcasting
    11 | D        | Gained mutation: Your touch may inflict irresistible damage
                  | on your foes. [demonic ancestry]
    11 | D        | Reached XP level 12. HP: 30/91 MP: 1/26
    11 | D        | Killed a meat berserker
    12 | D        | Reached XP level 13. HP: 64/99 MP: 2/28
    12 | D        | Noticed a meat berserker
    13 | D        | Noticed a bag of meat
    13 | D        | Noticed a bag of meat
    13 | D        | Noticed a bag of meat
    13 | D        | Noticed a bag of meat
    13 | D        | Noticed a bag of meat
    14 | D        | Noticed a bag of meat
    14 | D        | Noticed a bag of meat
    14 | D        | Noticed a bag of meat
    14 | D        | Noticed a bag of meat
    15 | D        | Noticed a bag of meat
    16 | D        | Killed a meat berserker
    16 | D        | Reached ** piety under Makhleb
    16 | D        | Noticed a destroyer
    17 | D        | Reached skill level 15 in Dodging
    17 | D        | Reached skill level 15 in Unarmed Combat
    17 | D        | Gained mutation: A meltable shield of frost defends you.
                  | (SH +0) [demonic ancestry]
    17 | D        | Reached XP level 14. HP: 108/108 MP: 6/30
    17 | D        | Killed a destroyer
    17 | D        | Killed a meat berserker
    17 | D        | Noticed a bag of meat
    18 | D        | Gained mutation: A meltable icy envelope protects you from
                  | harm. (AC +0) [demonic ancestry]
    18 | D        | Reached XP level 15. HP: 79/118 MP: 4/33
    18 | D        | Reached *** piety under Makhleb
    18 | D        | Noticed a large bag of meat
    19 | D        | Reached skill level 15 in Axes
    19 | D        | Reached skill level 15 in Armour
    19 | D        | Reached skill level 15 in Spellcasting
    19 | D        | Noticed a destroyer
    19 | D        | Reached **** piety under Makhleb
    20 | D        | Reached skill level 10 in Throwing
    20 | D        | Killed a destroyer
    20 | D        | Noticed a meat berserker
    20 | D        | Noticed a large bag of meat
    21 | D        | Gained mutation: You are mostly covered in icy blue scales.
                  | (AC +3) [demonic ancestry]
    21 | D        | Reached XP level 16. HP: 85/130 MP: 6/36
    21 | D        | Noticed a meat berserker
    22 | D        | Noticed a large bag of meat
    22 | D        | Reached ***** piety under Makhleb
    23 | D        | Noticed a large bag of meat
    24 | D        | Gained mutation: You are completely covered in icy blue
                  | scales. (AC +4, rC+) [demonic ancestry]
    24 | D        | Reached XP level 17. HP: 116/139 MP: 6/38
    24 | D        | Killed a meat berserker
    24 | D        | Killed a large bag of meat
    25 | D        | Reached skill level 15 in Fighting
    25 | D        | Killed a large bag of meat
    26 | D        | Killed a meat berserker
    26 | D        | Killed a large bag of meat
    26 | D        | Reached ****** piety under Makhleb
    26 | D        | Noticed a large bag of meat
    27 | D        | Reached skill level 27 in Invocations
    27 | D        | Gained mutation: Your touch may irresistibly damage your
                  | foes and sap their willpower. [demonic ancestry]
    27 | D        | Reached XP level 18. HP: 118/153 MP: 6/42
    27 | D        | Killed a large bag of meat
    27 | D        | Noticed a meat berserker
    29 | D        | Noticed a sculptor of flesh
    29 | D        | Killed a meat berserker
    30 | D        | Reached XP level 19. HP: 152/164 MP: 6/44
    31 | D        | Noticed a meat berserker
    32 | D        | Killed a large bag of meat
    32 | D        | Killed a meat berserker
    33 | D        | Reached skill level 27 in Axes
    37 | D        | Reached skill level 15 in Throwing
    37 | D        | Reached skill level 27 in Stealth
    37 | D        | Gained mutation: You punish those that try to bend your
                  | will. (Will+) [demonic ancestry]
    37 | D        | Reached XP level 20. HP: 175/182 MP: 5/48
    39 | D        | Noticed a destroyer
    40 | D        | Reached skill level 27 in Dodging
    41 | D        | Noticed a destroyer
    41 | D        | Noticed a large bag of meat
    41 | D        | Noticed a meat berserker
    41 | D        | Noticed a meat berserker
    41 | D        | Noticed a destroyer
    41 | D        | Noticed a meat berserker
    41 | D        | Noticed a meat berserker
    42 | D        | Noticed a large bag of meat
    43 | D        | Reached skill level 27 in Unarmed Combat
    43 | D        | Killed a large bag of meat
    43 | D        | Noticed an accursed
    43 | D        | Noticed a destroyer
    44 | D        | Reached skill level 27 in Fighting
    44 | D        | Reached skill level 27 in Armour
    44 | D        | Reached skill level 27 in Spellcasting
    44 | D        | Noticed a meat berserker
    45 | D        | Killed a meat berserker
    46 | D        | Gained mutation: You are resistant to unholy torment.
                  | [demonic ancestry]
    46 | D        | Reached XP level 21. HP: 170/204 MP: 9/52
    46 | D        | Killed a destroyer
    47 | D        | Reached skill level 27 in Throwing
    47 | D        | Killed a destroyer
    48 | D        | Reached skill level 5 in Short Blades
    48 | D        | Reached skill level 5 in Bows
    48 | D        | Reached skill level 5 in Crossbows
    48 | D        | Reached skill level 5 in Shields
    48 | D        | Reached skill level 5 in Translocations
    48 | D        | Reached skill level 5 in Transmutations
    48 | D        | Reached skill level 5 in Fire Magic
    48 | D        | Reached skill level 5 in Ice Magic
    48 | D        | Reached skill level 5 in Air Magic
    48 | D        | Reached skill level 5 in Earth Magic
    49 | D        | Gained mutation: A meltable icy envelope protects you from
                  | harm. (AC +0) [demonic ancestry]
    49 | D        | Reached XP level 22. HP: 195/212 MP: 9/53
    49 | D        | Noticed a tyrant
    50 | D        | Killed a destroyer
    51 | D        | Reached skill level 10 in Conjurations
    51 | D        | Reached skill level 10 in Hexes
    51 | D        | Reached skill level 10 in Summonings
    51 | D        | Reached skill level 10 in Poison Magic
    51 | D        | Reached skill level 10 in Evocations
    53 | D        | Reached skill level 10 in Short Blades
    53 | D        | Reached skill level 10 in Bows
    53 | D        | Reached skill level 10 in Crossbows
    53 | D        | Reached skill level 10 in Shields
    53 | D        | Reached skill level 10 in Translocations
    53 | D        | Reached skill level 10 in Transmutations
    53 | D        | Reached skill level 10 in Fire Magic
    53 | D        | Reached skill level 10 in Ice Magic
    53 | D        | Reached skill level 10 in Air Magic
    53 | D        | Reached skill level 10 in Earth Magic
    53 | D        | Reached XP level 23. HP: 211/219 MP: 11/54
    54 | D        | Reached skill level 10 in Long Blades
    54 | D        | Reached skill level 10 in Maces & Flails
    54 | D        | Reached skill level 10 in Polearms
    54 | D        | Reached skill level 10 in Staves
    54 | D        | Reached skill level 10 in Slings
    54 | D        | Noticed a destroyer
    54 | D        | Noticed The Servant
    55 | D        | Noticed a tyrant
    55 | D        | Killed a large bag of meat
    56 | D        | Killed a destroyer
    57 | D        | Reached skill level 15 in Necromancy
    57 | D        | Noticed a meat beast
    58 | D        | Killed a tyrant
    59 | D        | Reached skill level 15 in Conjurations
    59 | D        | Reached skill level 15 in Hexes
    59 | D        | Reached skill level 15 in Summonings
    59 | D        | Reached skill level 15 in Poison Magic
    59 | D        | Reached skill level 15 in Evocations
    59 | D        | Reached XP level 24. HP: 200/227 MP: 6/54
    59 | D        | Killed a meat beast
    59 | D        | Noticed a tyrant
    60 | D        | Reached XP level 25. HP: 223/234 MP: 6/54
    60 | D        | Killed a destroyer
    63 | D        | Reached skill level 15 in Long Blades
    63 | D        | Reached skill level 15 in Maces & Flails
    63 | D        | Reached skill level 15 in Polearms
    63 | D        | Reached skill level 15 in Staves
    63 | D        | Reached skill level 15 in Slings
    64 | D        | Killed a tyrant
    65 | D        | Noticed a dread
    65 | D        | Annihilated by The Servant

Illustrated notes

Levels and vault maps discovered:
D:        meatsprint

Skill      XL: |  1  2  3  4  5  6  7  8  9 10 11 12 13 14 15 16 17 18 19 20 21 22 23 24 25 |
---------------+----------------------------------------------------------------------------+-----
Fighting       | 5 6 7 8 9 11 13 14 16 18 22 27 | 27.0
Axes           | 8 9 10 11 12 14 17 18 24 26 27 | 27.0
Throwing       | 5 6 7 8 9 10 11 12 13 15 24 27 | 27.0
Armour         | 8 9 10 12 13 14 17 18 20 22 24 27 | 27.0
Dodging        | 10 12 13 14 15 17 19 20 23 24 26 27 | 27.0
Stealth        | 9 10 11 12 14 16 18 19 22 24 27 | 27.0
Unarmed Combat | 10 11 12 14 15 17 19 20 22 23 26 27 | 27.0
Spellcasting   | 8 9 10 11 12 14 16 17 20 21 24 27 | 27.0
Invocations    | 11 13 14 16 17 20 22 24 27 | 27.0
Short Blades   | 7 10 14 16 17 | 17.4
Long Blades    | 6 9 12 14 15 | 15.7
Maces & Flails | 6 9 13 14 15 | 15.7
Polearms       | 6 9 13 14 15 | 15.7
Staves         | 6 9 12 14 15 | 15.7
Slings         | 6 9 12 14 15 | 15.7
Bows           | 7 10 14 16 17 | 17.4
Crossbows      | 7 10 14 16 17 | 17.4
Shields        | 7 10 14 16 17 | 17.4
Conjurations   | 8 11 15 17 18 | 18.9
Hexes          | 8 11 15 17 18 | 18.9
Summonings     | 8 11 15 17 18 | 18.9
Necromancy     | 9 12 16 18 20 | 20.4
Translocations | 7 10 14 16 17 | 17.4
Transmutations | 7 10 14 16 17 | 17.4
Fire Magic     | 7 10 14 16 17 | 17.4
Ice Magic      | 7 10 14 16 17 | 17.4
Air Magic      | 7 10 14 16 17 | 17.4
Earth Magic    | 7 10 14 16 17 | 17.4
Poison Magic   | 8 11 15 17 18 | 18.9
Evocations     | 8 11 15 17 18 | 18.9

Action                   |  1- 3 |  4- 6 |  7- 9 | 10-12 | 13-15 | 16-18 | 19-21 | 22-24 | 25-27 || total
-------------------------+-------+-------+-------+-------+-------+-------+-------+-------+-------++-------
Melee: Executioner's axe |     1 |       |       |     3 |     5 |     9 |    14 |    11 |     4 ||    47

Table legend: (Time is in decaauts)
 A = Elapsed time spent in this place.
 B = Non-inter-level travel time spent in this place.
 C = Inter-level travel time spent in this place.
 D = Time resting spent in this place.
 E = Time spent auto-exploring this place.
 F = Levels seen in this place.
 G = Mean time per level.
                   A        B        C        D        E       F      G
               +--------+--------+--------+--------+--------+-----+--------+
         Total |     57 |     57 |      0 |      0 |      0 |   1 |   57.0 |
       Dungeon |     57 |     57 |      0 |      0 |      0 |   1 |   57.0 |
               +--------+--------+--------+--------+--------+-----+--------+

Top non-repeatable levels by time:
       D: 57 daAuts
